AoeStats
← [AFTM] manimues

Socotra

505381179Analyzed
3v3 RM · 23d ago on Sep 9, 2026· 27m 38s· 6 players
Game mode
Random Map
Map size
128×128
Population
200
Speed
Normal
Resources
Standard
Victory
Conquest
Starting age
Dark Age
Ending age
Imperial Age
RankedLock teamsTeams togetherTeam positionsShared explorationLock speedFull tech treeHidden civsTurbo modeCheats
Victory
Defeat
🇨🇱 Khmer · Chile
1374
+12
1341
+13
🇨🇱 Turks · Chile
1251
+17
🇺🇸 Celts · United States
1300
-15
🇺🇸 Chinese · United States
1288
-14
🇺🇸 Spanish · United States
1250
-13
Boogensville
6:36 Loom
10:24 Feudal Age
11:45 Fletching
11:51 Double-Bit Axe
12:23 Horse Collar
14:03 Padded Archer Armor
26:15 Castle Age
26:53 Elite Skirmisher
27:38 Thumb Ring
27:31 Bodkin Arrow
27:52 Leather Archer Armor
the fgzb
9:01 Feudal Age
11:26 Loom
12:26 Double-Bit Axe
21:44 Castle Age
20:38 Man-at-Arms
23:17 Pikeman
RS.Newp9772
0:31 Loom
12:39 Feudal Age
14:30 Double-Bit Axe
15:00 Horse Collar
20:11 Castle Age
18:35 Scale Barding Armor
24:35 Forging
26:11 Bloodlines
26:23 Chain Barding Armor
AiM | Mantequilla de Mani
5:25 Loom
9:50 Feudal Age
11:50 Double-Bit Axe
15:43 Fletching
16:43 Padded Archer Armor
23:20 Castle Age
22:56 Horse Collar
23:07 Gold Mining
23:24 Crossbowman
23:59 Bodkin Arrow
25:03 Leather Archer Armor
27:43 Ballistics
AiM | BetaWolf
8:27 Loom
10:40 Feudal Age
11:09 Double-Bit Axe
11:48 Horse Collar
15:27 Wheelbarrow
17:22 Bloodlines
18:45 Scale Barding Armor
20:14 Gold Mining
21:46 Forging
24:23 Castle Age
25:40 Heavy Plow
25:50 Bow Saw
26:07 Chain Barding Armor
27:32 Gold Shaft Mining
[AFTM] manimues
10:12 Loom
12:50 Feudal Age
13:34 Double-Bit Axe
14:50 Fletching
17:50 Horse Collar
20:32 Gold Mining
27:02 Castle Age
25:35 Padded Archer Armor
27:04 Crossbowman
27:52 Thumb Ring
Connection lost

Rejoining the realm…

Still unreachable

The connection could not be restored.

Session expired

The server has moved on; the page needs a fresh start.